SA
TENNESSEE SMOKIES @ ALAMEDA AIRMEN
08/03/2037
 
TOP OF THE 1ST
Tennessee Smokies batting - Pitching for Alameda Airmen : RHP Jaime Rúbio
Pitching: RHP Jaime Rúbio
Batting: LHB Warren King 0-0: Ball
1-0: Called Strike
1-1: Ball
2-1: Foul Ball, location: 2F
2-2: Strikes out swinging
Batting: SHB Mo Meaker 0-0: Called Strike
0-1: Fly out, F7 (Flyball, 7, EV 86.9 MPH)
Batting: SHB Jorge Indiano 0-0: Called Strike
0-1: Fly out, F4 (Flyball, 34D, EV 95.6 MPH)
Top of the 1st over - 0 runs, 0 hits, 0 errors, 0 left on base; Tennessee 0 - Alameda 0
BOTTOM OF THE 1ST
Alameda Airmen batting - Pitching for Tennessee Smokies : RHP Ainanani Iosepa
Pitching: RHP Ainanani Iosepa
Batting: RHB Michael Hughes 0-0: Foul Ball, location: 2F
0-1: Ball
1-1: Ball
2-1: Swinging Strike
2-2: Ball
3-2: Foul Ball, location: 2F
3-2: Strikes out swinging
Batting: RHB Pablo Pagán 0-0: Ball
1-0: Swinging Strike
1-1: Swinging Strike
1-2: Foul Ball, location: 2F
1-2: Ball
2-2: Ball
3-2: Fly out, F8 (Line Drive, 8RM, EV 100.0 MPH)
Batting: RHB Tokaji Heida 0-0: Called Strike
0-1: Ball
1-1: Ball
2-1: TRIPLE (Flyball, 89XD, EV 113.8 MPH)
Batting: LHB Flint Myers 0-0: Called Strike
0-1: Ground out U3 (Groundball, 3L, EV 84.4 MPH)
Bottom of the 1st over - 0 runs, 1 hit, 0 errors, 1 left on base; Tennessee 0 - Alameda 0
TOP OF THE 2ND
Tennessee Smokies batting - Pitching for Alameda Airmen : RHP Jaime Rúbio
Batting: LHB Carel van Putten 0-0: Fly out, F7 (Flyball, 7D, EV 93.8 MPH)
Batting: RHB Joel Iyiegbuniwe 0-0: Swinging Strike
0-1: Fly out, F7 (Flyball, 7LS, EV 84.4 MPH)
Batting: LHB Dan James 0-0: Foul Ball, location: 2F
0-1: Ball
1-1: Swinging Strike
1-2: Strikes out swinging
Top of the 2nd over - 0 runs, 0 hits, 0 errors, 0 left on base; Tennessee 0 - Alameda 0
BOTTOM OF THE 2ND
Alameda Airmen batting - Pitching for Tennessee Smokies : RHP Ainanani Iosepa
Batting: RHB Sebastian Franke 0-0: Ground out U3 (Groundball, 34, EV 84.4 MPH)
Batting: LHB Jesús Leoz 0-0: Ground out 4-3 (Groundball, 4, EV 90.0 MPH)
Batting: RHB Johnny Jones 0-0: Called Strike
0-1: Called Strike
0-2: Ball
1-2: Foul Ball, location: 2F
1-2: Ball
2-2: Strikes out swinging
Bottom of the 2nd over - 0 runs, 0 hits, 0 errors, 0 left on base; Tennessee 0 - Alameda 0
TOP OF THE 3RD
Tennessee Smokies batting - Pitching for Alameda Airmen : RHP Jaime Rúbio
Batting: RHB Bernardo Rodríguez 0-0: Ball
1-0: Called Strike
1-1: Ball
2-1: Foul Ball, location: 2F
2-2: Strikes out looking
Batting: RHB Gonzalo Quintanilla 0-0: Called Strike
0-1: Ball
1-1: Fly out, F8 (Flyball, 8LM, EV 81.9 MPH)
Batting: RHB Miguel Silva 0-0: Foul Ball, location: 2F
0-1: Ball
1-1: Ball
2-1: Ball
3-1: Foul Ball, location: 2F
3-2: Fly out, F8 (Flyball, 8LM, EV 87.5 MPH)
Top of the 3rd over - 0 runs, 0 hits, 0 errors, 0 left on base; Tennessee 0 - Alameda 0
BOTTOM OF THE 3RD
Alameda Airmen batting - Pitching for Tennessee Smokies : RHP Ainanani Iosepa
Batting: RHB Bernardo Hernández 0-0: Ball
1-0: Ball
2-0: Ball
3-0: Called Strike
3-1: Ground out U3 (Groundball, 3, EV 101.2 MPH)
Batting: RHB Won-sub Ha 0-0: Ball
1-0: Ground out 4-3 (Groundball, 34, EV 82.5 MPH)
Batting: RHB Michael Hughes 0-0: Ball
1-0: Fly out, F7 (Flyball, 7S, EV 87.5 MPH)
Bottom of the 3rd over - 0 runs, 0 hits, 0 errors, 0 left on base; Tennessee 0 - Alameda 0
TOP OF THE 4TH
Tennessee Smokies batting - Pitching for Alameda Airmen : RHP Jaime Rúbio
Batting: LHB Warren King 0-0: Ball
1-0: Foul Ball, location: 2F
1-1: Swinging Strike
1-2: SINGLE (Flyball, 89S, EV 95.0 MPH)
Batting: SHB Mo Meaker 0-0: Ball
Warren King steals 2nd base
1-0: Called Strike
1-1: Swinging Strike
1-2: Foul Ball, location: 2F
1-2: 2-RUN HOME RUN (Flyball, 7D, EV 103.1 MPH), Distance : 365 ft
Batting: SHB Jorge Indiano 0-0: Ball
1-0: Called Strike
1-1: Reached on error, E1 (Groundball, 34S, EV 70.6 MPH)
Batting: LHB Carel van Putten 0-0: Swinging Strike
0-1: Ball
1-1: Called Strike
1-2: Ball
2-2: Strikes out swinging
Batting: RHB Joel Iyiegbuniwe 0-0: SINGLE (Line Drive, 5D, EV 94.4 MPH)
Jorge Indiano to third
Batting: LHB Dan James 0-0: SINGLE (Groundball, 15S, EV 70.0 MPH) (infield hit)
Joel Iyiegbuniwe to second
Batting: RHB Bernardo Rodríguez 0-0: Swinging Strike
0-1: Ball
1-1: Swinging Strike
1-2: Foul Ball, location: 2F
1-2: Reached on error, E3 (Groundball, 34, EV 96.9 MPH)
Jorge Indiano scores
Joel Iyiegbuniwe to third
Dan James to second
Batting: RHB Gonzalo Quintanilla 0-0: Foul Ball, location: 2F
0-1: Ball
1-1: Fly out, F9 (Flyball, 9LM, EV 92.5 MPH)
Runner from 3rd tags up, SCORES, throw by RF
Dan James to third
Batting: RHB Miguel Silva 0-0: Fielders Choice at 2nd, 6-4 (Groundball, 6, EV 98.8 MPH)
Top of the 4th over - 4 runs, 4 hits, 2 errors, 2 left on base; Tennessee 4 - Alameda 0
BOTTOM OF THE 4TH
Alameda Airmen batting - Pitching for Tennessee Smokies : RHP Ainanani Iosepa
Batting: RHB Pablo Pagán 0-0: Ball
1-0: Ball
2-0: Ground out 4-3 (Groundball, 4M, EV 81.9 MPH)
Batting: RHB Tokaji Heida 0-0: Called Strike
0-1: Foul Ball, location: 2F
0-2: Ball
1-2: Strikes out swinging
Batting: LHB Flint Myers 0-0: Ball
1-0: Reached via error on a dropped throw from 2B, E3 (Groundball, 4, EV 98.8 MPH)
Batting: RHB Sebastian Franke 0-0: Foul Ball, location: 2F
0-1: Foul Ball, location: 2F
0-2: Ball
1-2: Fly out, F4 (Popup, 4M, EV 70.0 MPH)
Bottom of the 4th over - 0 runs, 0 hits, 1 error, 1 left on base; Tennessee 4 - Alameda 0
TOP OF THE 5TH
Tennessee Smokies batting - Pitching for Alameda Airmen : RHP Jaime Rúbio
Batting: LHB Warren King 0-0: DOUBLE (Line Drive, 7LM, EV 108.1 MPH)
Batting: SHB Mo Meaker 0-0: Ball
1-0: Ball
2-0: Ball
3-0: Base on Balls
Batting: SHB Jorge Indiano 0-0: Ball
1-0: Ball
Warren King steals 3rd, throwing error, E2
Warren King scores
Mo Meaker to third
2-0: Foul Ball, location: 2F
2-1: Ball
3-1: Base on Balls
Pitching: RHP Gene Kendall
Batting: LHB Carel van Putten 0-0: Grounds into double play, 6-4-3 (Groundball, 6, EV 104.4 MPH)
Mo Meaker scores
Batting: RHB Joel Iyiegbuniwe 0-0: Ball
1-0: Ball
2-0: Called Strike
2-1: Foul Ball, location: 2F
2-2: Ground out U3 (Groundball, 34, EV 101.9 MPH)
Top of the 5th over - 2 runs, 1 hit, 1 error, 0 left on base; Tennessee 6 - Alameda 0
BOTTOM OF THE 5TH
Alameda Airmen batting - Pitching for Tennessee Smokies : RHP Ainanani Iosepa
Batting: LHB Jesús Leoz 0-0: Ball
1-0: Ground out 1-3 (Groundball, 13S, EV 63.8 MPH)
Batting: RHB Johnny Jones 0-0: Ball
1-0: Ball
2-0: Called Strike
2-1: Ball
3-1: Called Strike
3-2: Base on Balls
Batting: RHB Bernardo Hernández 0-0: Foul Ball, location: 2F
0-1: Swinging Strike
0-2: Strikes out swinging
Batting: RHB Won-sub Ha 0-0: Called Strike
0-1: Ball
1-1: Swinging Strike
1-2: Strikes out looking
Bottom of the 5th over - 0 runs, 0 hits, 0 errors, 1 left on base; Tennessee 6 - Alameda 0
TOP OF THE 6TH
Tennessee Smokies batting - Pitching for Alameda Airmen : RHP Gene Kendall
Batting: LHB Dan James 0-0: Ball
1-0: Called Strike
1-1: Called Strike
1-2: Strikes out swinging
Batting: RHB Bernardo Rodríguez 0-0: Called Strike
0-1: Foul Ball, location: 2F
0-2: Ball
1-2: Ball
2-2: DOUBLE (Groundball, 5L, EV 108.1 MPH)
Batting: RHB Gonzalo Quintanilla 0-0: Ball
1-0: Ball
2-0: DOUBLE (Flyball, 8LD, EV 93.1 MPH)
Bernardo Rodríguez scores
Batting: RHB Miguel Silva 0-0: Fly out, F8 (Flyball, 78M, EV 86.9 MPH)
Batting: LHB Warren King 0-0: Called Strike
0-1: Swinging Strike
0-2: Strikes out looking
Top of the 6th over - 1 run, 2 hits, 0 errors, 1 left on base; Tennessee 7 - Alameda 0
BOTTOM OF THE 6TH
Alameda Airmen batting - Pitching for Tennessee Smokies : RHP Ainanani Iosepa
Batting: RHB Michael Hughes 0-0: Called Strike
0-1: Swinging Strike
0-2: Ball
1-2: Strikes out swinging
Batting: RHB Pablo Pagán 0-0: Ball
1-0: Foul Ball, location: 2F
1-1: Swinging Strike
1-2: Ball
2-2: Foul Ball, location: 2F
2-2: Strikes out looking
Batting: RHB Tokaji Heida 0-0: Fly out, F9 (Flyball, 9LSF, EV 74.4 MPH)
Bottom of the 6th over - 0 runs, 0 hits, 0 errors, 0 left on base; Tennessee 7 - Alameda 0
TOP OF THE 7TH
Tennessee Smokies batting - Pitching for Alameda Airmen : RHP Gene Kendall
Pinch Hitting: RHB Jessie Merenda 0-0: Called Strike
0-1: Ball
1-1: Ball
2-1: Ball
3-1: Called Strike
3-2: Base on Balls
Batting: SHB Jorge Indiano 0-0: Ball
1-0: Fly out, F4 (Popup, 4, EV 61.9 MPH)
Batting: LHB Carel van Putten 0-0: Called Strike
0-1: Ball
1-1: Fly out, F9 (Flyball, 9S, EV 93.1 MPH)
Batting: RHB Joel Iyiegbuniwe 0-0: Ball
1-0: Called Strike
1-1: Ball
2-1: Foul Ball, location: 2F
2-2: Ground out 1-3 (Groundball, 34S, EV 91.2 MPH)
Top of the 7th over - 0 runs, 0 hits, 0 errors, 1 left on base; Tennessee 7 - Alameda 0
BOTTOM OF THE 7TH
Alameda Airmen batting - Pitching for Tennessee Smokies : RHP Ainanani Iosepa
Now in RF: Dave Bauer
Batting: LHB Flint Myers 0-0: Foul Ball, location: 2F
0-1: Called Strike
0-2: Ground out U3 (Groundball, 34, EV 91.9 MPH)
Batting: RHB Sebastian Franke 0-0: Foul Ball, location: 2F
0-1: Ball
1-1: Foul Ball, location: 2F
1-2: Foul Ball, location: 2F
1-2: Ground out 6-3 (Groundball, 6, EV 84.4 MPH)
Batting: LHB Jesús Leoz 0-0: Called Strike
0-1: SINGLE (Groundball, 6D, EV 106.9 MPH)
Batting: RHB Johnny Jones 0-0: Foul Ball, location: 2F
0-1: Ground out 1-3 (Groundball, 34S, EV 66.2 MPH)
Bottom of the 7th over - 0 runs, 1 hit, 0 errors, 1 left on base; Tennessee 7 - Alameda 0
TOP OF THE 8TH
Tennessee Smokies batting - Pitching for Alameda Airmen : RHP Gene Kendall
Batting: LHB Dan James 0-0: Called Strike
0-1: Called Strike
0-2: Ball
1-2: Foul Ball, location: 2F
1-2: Strikes out looking
Batting: RHB Bernardo Rodríguez 0-0: Swinging Strike
0-1: Ball
1-1: Foul Ball, location: 2F
1-2: Strikes out looking
Batting: RHB Gonzalo Quintanilla 0-0: Ball
1-0: Ball
2-0: Ball
3-0: Base on Balls
Batting: RHB Miguel Silva 0-0: Called Strike
0-1: Ball
1-1: Called Strike
1-2: Ball
2-2: Fly out, F8 (Flyball, 78D, EV 90.6 MPH)
Top of the 8th over - 0 runs, 0 hits, 0 errors, 1 left on base; Tennessee 7 - Alameda 0
BOTTOM OF THE 8TH
Alameda Airmen batting - Pitching for Tennessee Smokies : RHP Ainanani Iosepa
Batting: RHB Bernardo Hernández 0-0: Called Strike
0-1: Swinging Strike
0-2: Strikes out swinging
Batting: RHB Won-sub Ha 0-0: Ball
1-0: Called Strike
1-1: Ball
2-1: Foul Ball, location: 2F
2-2: Strikes out swinging
Batting: RHB Michael Hughes 0-0: Swinging Strike
0-1: Ball
1-1: Ball
2-1: Ball
3-1: Base on Balls
Batting: RHB Pablo Pagán 0-0: Ball
1-0: Called Strike
1-1: Ball
2-1: Fly out, F7 (Flyball, 78S, EV 91.2 MPH)
Bottom of the 8th over - 0 runs, 0 hits, 0 errors, 1 left on base; Tennessee 7 - Alameda 0
TOP OF THE 9TH
Tennessee Smokies batting - Pitching for Alameda Airmen : RHP Gene Kendall
Batting: LHB Warren King 0-0: SINGLE (Line Drive, 8RS, EV 94.4 MPH)
Pitching: RHP Wilbur Carson
Batting: RHB Dave Bauer 0-0: Foul Ball, location: 2F
0-1: SINGLE (Line Drive, 5D, EV 95.0 MPH)
Warren King to second
Batting: SHB Jorge Indiano 0-0: Called Strike
0-1: Ball
1-1: Foul Ball, location: 2F
1-2: Foul Ball, location: 2F
1-2: SINGLE (Line Drive, 34D, EV 95.6 MPH)
Warren King to third
Dave Bauer to second
Runner from 3rd tries for Home, SAFE, throw by RF to home
Batting: LHB Carel van Putten 0-0: Ball
1-0: Called Strike
1-1: Foul Ball, location: 2F
1-2: Ball
2-2: Ball
3-2: SINGLE (Groundball, 34D, EV 101.2 MPH)
Dave Bauer to third
Jorge Indiano to second
Dave Bauer scores
Jorge Indiano to third
Batting: RHB Joel Iyiegbuniwe 0-0: Called Strike
0-1: Foul Ball, location: 2F
0-2: Fly out, F9 (Line Drive, 9, EV 89.4 MPH)
Runner from 3rd tags up, OUT at HOME! 9-2
Carel van Putten to second
Batting: LHB Dan James 0-0: Fly out, F9 (Flyball, 9, EV 91.9 MPH)
Top of the 9th over - 2 runs, 4 hits, 0 errors, 1 left on base; Tennessee 9 - Alameda 0
BOTTOM OF THE 9TH
Alameda Airmen batting - Pitching for Tennessee Smokies : RHP Ainanani Iosepa
Pitching: LHP Joe Gram
Batting: RHB Tokaji Heida 0-0: Ball
1-0: Ball
2-0: Foul Ball, location: 2F
2-1: Swinging Strike
2-2: Foul Ball, location: 2F
2-2: Ball
3-2: Fly out, F8 (Flyball, 8LM, EV 83.8 MPH)
Batting: LHB Flint Myers 0-0: Ball
1-0: Called Strike
1-1: Swinging Strike
1-2: Strikes out looking
Batting: RHB Sebastian Franke 0-0: DOUBLE (Flyball, 8RXD, EV 106.9 MPH)
Batting: LHB Jesús Leoz 0-0: Fly out, F6 (Line Drive, 6, EV 65.6 MPH)
Bottom of the 9th over - 0 runs, 1 hit, 0 errors, 1 left on base; Tennessee 9 - Alameda 0
Thursday, January 23rd, 2020 - OOTP Baseball 20.8 Build 74